 Dungeon Crawl Stone Soup version 0.21-a0-213-gae198ad (webtiles) character file.

25 Lavandula the Chiller (level 3, -1/26 HPs)
             Began as a Ghoul Ice Elementalist on Aug 22, 2017.
             Slain by an adder (3 damage)
             ... on level 2 of the Dungeon.
             The game lasted 00:05:51 (568 turns).

Lavandula the Chiller (Ghoul Ice Elementalist)       Turns: 568, Time: 00:05:51

Health: -1/26      AC:  2    Str: 11      XL:     3   Next: 4%
Magic:  2/6        EV: 12    Int:  9 (11) God:
Gold:   92         SH:  0    Dex:  8 (9)  Spells: 3/7 levels left

rFire    . . .     SeeInvis .   (no weapon)
rCold    + . .     Gourm    .   (no shield)
rNeg     + + +     Faith    .   a - +0 robe
rPois    ∞         Spirit   .   (no helmet)
rElec    .         Reflect  .   (no cloak)
rCorr    .         Harm     .   (no gloves)
MR       .....                  (no boots)
Stlth    ++........             (no amulet)
HPRegen  0.00/turn              (no ring)
MPRegen  0.10/turn              (no ring)

@: very slightly contaminated, rotting
A: rotting body, claws 1, carnivore 3, cold resistance 1, negative energy
resistance 3, inhibited regeneration, torment resistance, unbreathing
a: no special abilities


You were on level 2 of the Dungeon.
You were not hungry.

You visited 1 branch of the dungeon, and saw 4 of its levels.

You collected 92 gold pieces.

Inventory:

Armour
 a - a +0 robe (worn)
Scrolls
 d - a scroll of immolation {unknown}
 f - 2 scrolls of teleportation
 j - a scroll of fog {unknown}
 k - a scroll of amnesia {unknown}
Potions
 g - a potion of mutation
 h - a potion of curing {unknown}
 l - a potion of invisibility {unknown}
Books
 b - a book of Frost

   Spells                             Type                      Level
   a - Freeze                         Ice                          1
   b - Throw Frost                    Conjuration/Ice              2
   c - Ozocubu's Armour               Charms/Ice                   3
   d - Throw Icicle                   Conjuration/Ice              4
   e - Summon Ice Beast               Ice/Summoning                4
Comestibles
 c - a meat ration


   Skills:
 - Level 1.7 Dodging
 - Level 2.1 Stealth
 - Level 2.7 Spellcasting
   Level 0.7 Conjurations
 + Level 3.4 Ice Magic


You had 3 spell levels left.
You knew the following spells:

 Your Spells              Type           Power        Failure   Level  Hunger
a - Freeze                Ice            #...         8%          1    ##.....
b - Ozocubu's Armour      Chrm/Ice       #.......     41%         3    ####...


Dungeon Overview and Level Annotations

Branches:
Dungeon (4/15)
 Temple: D:4-7

Altars:

Annotations:
D:3 exclusion: wight, kroki's ghost, amateur NaMo
D:4 Mulkerokala's ghost, amateur FoNe


Innate Abilities, Weirdness & Mutations

Your body is rotting away.
You thrive on raw meat.
You are immune to poison.
You have sharp fingernails.
You are carnivorous and can eat meat at any time.
Your flesh is cold resistant. (rC+)
You are immune to negative energy. (rN+++)
You do not regenerate when monsters are visible.
You are immune to unholy pain and torment.
You can survive without breathing.


Message History

The adder hisses angrily.
Found 8 gold pieces.
There is a stone staircase leading down here.
Okay, then.
You aren't carrying any items that you can evoke.
Unknown command.
It was a potion of mutation.
You feel extremely strange.
Your body decomposes!
You feel clumsy.
Your body decomposes!
You feel dopey.
Your body decomposes!
You feel dopey. The quokka closely misses you.
It was a potion of berserk rage.
You cannot raise a blood rage in your lifeless body.
The adder barely misses you. The quokka bites you.
* * * LOW HITPOINT WARNING * * *
The adder bites you.
You die...

....###..##..#
(#...#....##..#
.....#.#.###..#
..#).#(#.. ....
....#.. ####.
#..... . #$..#
#Sr# #.@# ####


You could see an adder and a quokka.

Vanquished Creatures
  2 dart slugs
  2 giant cockroaches
  2 hobgoblins
  A kobold (D:2)
  A quokka (D:3)
  2 bats
  3 frilled lizards
  4 goblins
  4 rats
21 creatures vanquished.

Notes
Turn   | Place    | Note
-------+----------+-------------------------------------------
     0 | D:1      | Lavandula the Ghoul Ice Elementalist began the quest for the Orb.
     0 | D:1      | Reached XP level 1. HP: 14/14 MP: 2/2
   147 | D:1      | Reached XP level 2. HP: 12/20 MP: 0/4
   316 | D:4      | Noticed Mulkerokala's ghost (amateur FoNe)
   325 | D:3      | Noticed kroki's ghost (amateur NaMo)
   440 | D:3      | Reached XP level 3. HP: 21/26 MP: 0/6
   445 | D:3      | Learned a level 3 spell: Ozocubu's Armour
   568 | D:2      | Slain by an adder

Vault maps used:
D:1:      saegor_arrival_simple_e, nrook_mini_backslash
D:3:      nemelex_spade_bored_becter
D:4:      serial_shops, kennysheep_mini_moat, nicolae_shop_behind_doors,
          first_bread, nicolae_ru_path_of_blood

Skill      XL: |  1 |
---------------+----+-----
Spellcasting   | 2 |  2.7
Dodging        | |  1.7
Stealth        | |  2.1
Conjurations   | |  0.7
Ice Magic      | |  3.4

Action                   || total
-------------------------++-------
Melee: Unarmed           ||    34
 Cast: Freeze            ||    30
  Use: Potion            ||     2
       Scroll            ||     1
 Stab: Sleeping          ||     1
  Eat: Chunk             ||     9
Armor: Robe              ||     6
Dodge: Dodged            ||    30

Table legend:
 A = Spawn XP
 B = Non-spawn XP
 C = Spawn XP percentage of total XP
 D = Spawn monster count
 E = Non-spawn monster count
 F = Spawn count percentage of total count
 G = Total turns spent on level
                    A         B        C        D         E        F      G
               +---------+---------+-------+---------+---------+-------+---------
         Total |       0 |      36 |   0.0 |       0 |      21 |   0.0 |   568
               +---------+---------+-------+---------+---------+-------+---------
           D:1 |       0 |      11 |   0.0 |       0 |       7 |   0.0 |   171
           D:2 |       0 |      11 |   0.0 |       0 |       7 |   0.0 |    75
           D:3 |       0 |      14 |   0.0 |       0 |       7 |   0.0 |   320
               +---------+---------+-------+---------+---------+-------+---------
